[ PARTIDA AOE2 · #505231843 ]
UnrankedFrancos vs Goths
Equipo del jugador · VICT
Equipo rival · DERR
[ ANÁLISIS DE REPETICIÓN · EXTRAÍDO DE LA PARTIDA GRABADA ]
Feudal
8:52
Castillos
19:56
Imperial
—
| APM promedio | 60.0 |
| APM pico | 91 |
| eAPM promedio | 23.3 |
| Aldeanos / militares | 94 / 39 |
Foco
⚔️ 31.3% · 🌾 68.7%
Archer ×13 · Knight ×13 · Monk ×8 · Mangonel ×5
Feudal
13:36
Castillos
17:15
Imperial
—
| APM promedio | 57.0 |
| APM pico | 106 |
| eAPM promedio | 22.2 |
| Aldeanos / militares | 88 / 16 |
Foco
⚔️ 20.6% · 🌾 79.4%
Scorpion ×5 · Monk ×3 · Knight ×3 · Militia ×3 · Mangonel ×2
Mapa de la partida
Recursos iniciales + cada clic de construcción. Líneas = muros · curvas = relieve. ◆ oro · ⬟ piedra · ● bayas · ✦ reliquia · ◌ hueco del cierre
Tu base· Abierta — el rival se encerró
Base de Mawashigeri· ✓ Cerrada en 17:15 · 60t muro · sin puerta
Terreno inicial suavizado · ◌ = hueco del cierre detectado · pasá el cursor para detalles
Inputs por minuto
— _DY_孟川 - - Mawashigeri
Build order — _DY_孟川
Primeras 150 de 243 acciones detectadas
| 0:01 | Crear | Villager (Male) |
| 0:02 | Construir | House |
| 0:03 | Construir | House |
| 0:04 | Crear | Villager (Male) |
| 0:06 | Crear | Villager (Male) |
| 0:12 | Crear | Villager (Male) |
| 1:24 | Crear | Villager (Male) |
| 1:24 | Crear | Villager (Male) |
| 1:59 | Crear | Villager (Male) |
| 1:59 | Crear | Villager (Male) |
| 2:14 | Construir | Lumber Camp |
| 2:14 | Crear | Villager (Male) |
| 2:14 | Crear | Villager (Male) |
| 2:46 | Crear | Villager (Male) |
| 2:46 | Crear | Villager (Male) |
| 3:00 | Crear | Villager (Male) |
| 3:37 | Crear | Villager (Male) |
| 3:37 | Crear | Villager (Male) |
| 3:56 | Crear | Villager (Male) |
| 3:57 | Construir | House |
| 4:15 | Crear | Villager (Male) |
| 4:45 | Crear | Villager (Male) |
| 5:10 | Investigar | Loom |
| 5:16 | Crear | Villager (Male) |
| 5:16 | Crear | Villager (Male) |
| 5:47 | Construir | Mining Camp |
| 6:15 | Crear | Villager (Male) |
| 6:42 | Investigar | Feudal Age |
| 7:24 | Construir | Palisade Gate |
| 7:26 | Construir | Palisade Wall |
| 7:54 | Construir | Palisade Wall |
| 7:54 | Construir | Palisade Wall |
| 8:10 | Construir | Barracks |
| 8:16 | Construir | Palisade Wall |
| 8:18 | Construir | Palisade Wall |
| 8:19 | Construir | Palisade Wall |
| 8:48 | Construir | Palisade Wall |
| 8:49 | Construir | Palisade Wall |
| 8:49 | Construir | Palisade Wall |
| 8:50 | Construir | Palisade Wall |
| 8:51 | Construir | Palisade Wall |
| 8:52 | Construir | Palisade Wall |
| 8:52 | Edad | Edad Feudal |
| 8:53 | Construir | Palisade Wall |
| 8:54 | Crear | Villager (Male) |
| 8:57 | Construir | Archery Range |
| 8:58 | Construir | Palisade Wall |
| 9:03 | Crear | Villager (Male) |
| 9:23 | Construir | House |
| 9:33 | Construir | Palisade Wall |
| 9:36 | Construir | House |
| 9:44 | Crear | Villager (Male) |
| 9:47 | Crear | Villager (Male) |
| 9:53 | Construir | Mill |
| 9:54 | Crear | Villager (Male) |
| 10:02 | Crear | Archer |
| 10:02 | Crear | Archer |
| 10:36 | Crear | Archer |
| 10:38 | Crear | Villager (Male) |
| 10:51 | Construir | Farm |
| 10:59 | Crear | Villager (Male) |
| 11:14 | Construir | Farm |
| 11:29 | Crear | Archer |
| 11:33 | Crear | Villager (Male) |
| 11:36 | Construir | Farm |
| 11:59 | Crear | Villager (Male) |
| 12:03 | Crear | Archer |
| 12:06 | Construir | House |
| 12:16 | Construir | Farm |
| 12:27 | Construir | House |
| 12:38 | Construir | Farm |
| 12:42 | Construir | House |
| 12:44 | Construir | Palisade Wall |
| 12:57 | Crear | Villager (Male) |
| 13:05 | Crear | Archer |
| 13:14 | Construir | House |
| 13:17 | Construir | Farm |
| 13:28 | Crear | Villager (Male) |
| 13:39 | Construir | Palisade Wall |
| 13:41 | Construir | Farm |
| 13:51 | Construir | Palisade Wall |
| 13:52 | Construir | Palisade Wall |
| 14:04 | Construir | Farm |
| 14:05 | Crear | Villager (Male) |
| 14:20 | Crear | Villager (Male) |
| 14:32 | Construir | Farm |
| 14:35 | Construir | Farm |
| 14:48 | Construir | Palisade Wall |
| 14:58 | Crear | Villager (Male) |
| 15:06 | Crear | Archer |
| 15:17 | Construir | Farm |
| 15:18 | Crear | Villager (Male) |
| 15:39 | Construir | Farm |
| 15:40 | Crear | Villager (Male) |
| 15:50 | Crear | Archer |
| 16:04 | Crear | Villager (Male) |
| 16:07 | Construir | House |
| 16:29 | Construir | Blacksmith |
| 16:33 | Crear | Archer |
| 16:36 | Crear | Villager (Male) |
| 16:53 | Crear | Archer |
| 17:15 | Investigar | Castle Age |
| 17:33 | Construir | Stable |
| 17:37 | Crear | Archer |
| 17:48 | Investigar | Fletching |
| 18:09 | Crear | Archer |
| 18:16 | Investigar | Double-Bit Axe |
| 18:16 | Investigar | Double-Bit Axe |
| 18:25 | Investigar | Gold Mining |
| 18:25 | Investigar | Gold Mining |
| 18:39 | Construir | Farm |
| 19:11 | Crear | Archer |
| 19:50 | Crear | Villager (Male) |
| 19:50 | Crear | Villager (Male) |
| 19:56 | Edad | Edad de los Castillos |
| 20:00 | Investigar | Crossbowman (upgrade) |
| 20:01 | Investigar | Bodkin Arrow |
| 20:01 | Investigar | Bodkin Arrow |
| 20:02 | Crear | Villager (Male) |
| 20:05 | Construir | Monastery |
| 20:20 | Crear | Villager (Male) |
| 20:41 | Crear | Knight |
| 20:43 | Crear | Knight |
| 20:51 | Crear | Knight |
| 20:52 | Crear | Knight |
| 20:58 | Crear | Monk |
| 20:58 | Crear | Monk |
| 21:00 | Construir | Town Center |
| 21:02 | Crear | Villager (Male) |
| 21:02 | Crear | Villager (Male) |
| 21:02 | Crear | Villager (Male) |
| 21:22 | Construir | House |
| 21:32 | Construir | House |
| 21:52 | Construir | House |
| 21:57 | Crear | Knight |
| 22:18 | Crear | Knight |
| 22:24 | Crear | Villager (Male) |
| 22:24 | Crear | Villager (Male) |
| 22:25 | Crear | Villager (Male) |
| 22:35 | Construir | House |
| 22:37 | Crear | Monk |
| 22:43 | Crear | Villager (Male) |
| 22:57 | Construir | Siege Workshop |
| 22:58 | Crear | Villager (Male) |
| 23:01 | Construir | Farm |
| 23:03 | Crear | Villager (Male) |
| 23:17 | Construir | Palisade Wall |
| 23:18 | Construir | Palisade Wall |
| 23:20 | Construir | Palisade Wall |
| 23:34 | Crear | Villager (Male) |
Build order — Mawashigeri
Primeras 150 de 187 acciones detectadas
| 0:00 | Crear | Villager (Male) |
| 0:02 | Construir | House |
| 0:02 | Construir | House |
| 0:03 | Crear | Villager (Male) |
| 0:08 | Crear | Villager (Male) |
| 0:08 | Crear | Villager (Male) |
| 0:08 | Crear | Villager (Male) |
| 0:09 | Investigar | Loom |
| 1:24 | Crear | Villager (Male) |
| 1:43 | Construir | Lumber Camp |
| 1:56 | Crear | Villager (Male) |
| 2:18 | Crear | Villager (Male) |
| 2:49 | Crear | Villager (Male) |
| 2:59 | Crear | Villager (Male) |
| 3:30 | Crear | Villager (Male) |
| 3:55 | Construir | House |
| 4:09 | Crear | Villager (Male) |
| 4:33 | Crear | Villager (Male) |
| 4:42 | Construir | Barracks |
| 4:58 | Crear | Villager (Male) |
| 5:10 | Construir | House |
| 5:22 | Crear | Villager (Male) |
| 5:33 | Crear | Militia |
| 5:43 | Construir | Palisade Wall |
| 5:44 | Construir | Palisade Wall |
| 5:47 | Crear | Militia |
| 5:49 | Crear | Villager (Male) |
| 6:06 | Construir | Palisade Wall |
| 6:10 | Crear | Militia |
| 6:22 | Construir | Palisade Wall |
| 6:22 | Construir | Palisade Wall |
| 6:26 | Crear | Villager (Male) |
| 6:27 | Crear | Villager (Male) |
| 6:50 | Construir | House |
| 7:18 | Crear | Villager (Male) |
| 7:31 | Crear | Villager (Male) |
| 7:39 | Construir | Palisade Wall |
| 7:48 | Construir | Palisade Wall |
| 7:50 | Crear | Villager (Male) |
| 7:58 | Construir | Palisade Wall |
| 8:06 | Construir | Palisade Wall |
| 8:08 | Crear | Villager (Male) |
| 8:17 | Construir | Mill |
| 8:20 | Construir | Mill |
| 8:23 | Construir | Palisade Wall |
| 8:33 | Construir | Palisade Wall |
| 8:35 | Construir | Palisade Wall |
| 8:35 | Crear | Villager (Male) |
| 8:39 | Construir | Mining Camp |
| 8:51 | Construir | Palisade Wall |
| 8:52 | Construir | Palisade Wall |
| 9:29 | Crear | Villager (Male) |
| 9:30 | Construir | Farm |
| 9:38 | Construir | House |
| 9:55 | Construir | Mill |
| 9:59 | Crear | Villager (Male) |
| 10:22 | Construir | Farm |
| 10:31 | Construir | Farm |
| 10:31 | Crear | Villager (Male) |
| 10:42 | Construir | Farm |
| 10:57 | Crear | Villager (Male) |
| 11:07 | Construir | Farm |
| 11:20 | Construir | House |
| 11:26 | Investigar | Feudal Age |
| 11:26 | Investigar | Feudal Age |
| 11:33 | Construir | House |
| 13:10 | Crear | Villager (Male) |
| 13:36 | Edad | Edad Feudal |
| 13:38 | Construir | Archery Range |
| 13:50 | Construir | Blacksmith |
| 14:00 | Crear | Villager (Male) |
| 14:35 | Investigar | Castle Age |
| 14:35 | Investigar | Castle Age |
| 14:54 | Investigar | Horse Collar |
| 15:11 | Investigar | Double-Bit Axe |
| 15:12 | Crear | Villager (Male) |
| 15:30 | Construir | Farm |
| 15:37 | Construir | Farm |
| 15:39 | Construir | Farm |
| 15:44 | Construir | Farm |
| 16:03 | Construir | Stable |
| 17:15 | Edad | Edad de los Castillos |
| 17:16 | Crear | Knight |
| 17:20 | Construir | Town Center |
| 17:28 | Crear | Villager (Male) |
| 17:34 | Investigar | Bow Saw |
| 17:42 | Crear | Villager (Male) |
| 17:47 | Crear | Knight |
| 18:06 | Investigar | Wheelbarrow |
| 18:10 | Crear | Villager (Male) |
| 18:13 | Crear | Knight |
| 18:29 | Investigar | Scale Barding Armor |
| 18:33 | Construir | Farm |
| 18:35 | Construir | Farm |
| 18:42 | Construir | Farm |
| 18:44 | Crear | Villager (Male) |
| 18:58 | Crear | Villager (Male) |
| 19:04 | Construir | Farm |
| 19:08 | Construir | Farm |
| 19:14 | Construir | Palisade Gate |
| 19:22 | Crear | Villager (Male) |
| 19:35 | Crear | Villager (Male) |
| 19:48 | Crear | Villager (Male) |
| 20:02 | Construir | Siege Workshop |
| 20:06 | Crear | Villager (Male) |
| 20:12 | Crear | Villager (Male) |
| 20:37 | Construir | Town Center |
| 20:39 | Crear | Scorpion |
| 20:43 | Crear | Villager (Male) |
| 20:44 | Crear | Villager (Male) |
| 20:54 | Crear | Villager (Male) |
| 20:56 | Construir | House |
| 20:58 | Construir | House |
| 21:00 | Crear | Villager (Male) |
| 21:05 | Crear | Scorpion |
| 21:10 | Crear | Villager (Male) |
| 21:22 | Crear | Villager (Male) |
| 21:31 | Construir | House |
| 21:45 | Crear | Villager (Male) |
| 21:51 | Investigar | Fletching |
| 21:57 | Construir | Monastery |
| 22:10 | Crear | Villager (Male) |
| 22:26 | Crear | Villager (Male) |
| 22:26 | Crear | Villager (Male) |
| 22:27 | Construir | Farm |
| 22:28 | Construir | Farm |
| 22:28 | Construir | Farm |
| 22:32 | Crear | Monk |
| 22:38 | Crear | Villager (Male) |
| 22:46 | Crear | Scorpion |
| 22:52 | Crear | Villager (Male) |
| 22:59 | Construir | Market |
| 23:01 | Construir | House |
| 23:11 | Crear | Scorpion |
| 23:15 | Crear | Monk |
| 23:16 | Crear | Villager (Male) |
| 23:31 | Crear | Villager (Male) |
| 23:32 | Crear | Villager (Male) |
| 23:50 | Construir | House |
| 23:52 | Crear | Villager (Male) |
| 23:55 | Crear | Villager (Male) |
| 24:15 | Crear | Villager (Male) |
| 24:19 | Construir | House |
| 24:23 | Construir | House |
| 24:24 | Crear | Monk |
| 24:27 | Crear | Scorpion |
| 24:27 | Crear | Villager (Male) |
| 24:47 | Construir | Castle |
| 25:07 | Crear | Villager (Male) |
| 25:07 | Crear | Villager (Male) |
Cronología de la partida
| 4:42 | Mawashigeri · first_building Barracks |
| 5:43 | Mawashigeri · wall_segment Palisade Wall x4 |
| 5:44 | Mawashigeri · wall_segment Palisade Wall x1 |
| 6:06 | Mawashigeri · wall_segment Palisade Wall x5 |
| 6:22 | Mawashigeri · wall_segment Palisade Wall x4 |
| 6:22 | Mawashigeri · wall_segment Palisade Wall x1 |
| 7:26 | _DY_孟川 · wall_segment Palisade Wall x1 |
| 7:39 | Mawashigeri · wall_segment Palisade Wall x4 |
| 7:48 | Mawashigeri · wall_segment Palisade Wall x4 |
| 7:54 | _DY_孟川 · wall_segment Palisade Wall x1 |
| 7:54 | _DY_孟川 · wall_segment Palisade Wall x1 |
| 7:58 | Mawashigeri · wall_segment Palisade Wall x1 |
| 8:06 | Mawashigeri · wall_segment Palisade Wall x11 |
| 8:10 | _DY_孟川 · first_building Barracks |
| 8:16 | _DY_孟川 · wall_segment Palisade Wall x1 |
| 8:18 | _DY_孟川 · wall_segment Palisade Wall x1 |
| 8:19 | _DY_孟川 · wall_segment Palisade Wall x2 |
| 8:23 | Mawashigeri · wall_segment Palisade Wall x11 |
| 8:33 | Mawashigeri · wall_segment Palisade Wall x5 |
| 8:35 | Mawashigeri · wall_segment Palisade Wall x1 |
| 8:48 | _DY_孟川 · wall_segment Palisade Wall x1 |
| 8:49 | _DY_孟川 · wall_segment Palisade Wall x1 |
| 8:49 | _DY_孟川 · wall_segment Palisade Wall x1 |
| 8:50 | _DY_孟川 · wall_segment Palisade Wall x1 |
| 8:51 | Mawashigeri · wall_segment Palisade Wall x9 |
| 8:51 | _DY_孟川 · wall_segment Palisade Wall x1 |
| 8:52 | Mawashigeri · wall_segment Palisade Wall x1 |
| 8:52 | _DY_孟川 · wall_segment Palisade Wall x1 |
| 8:52 | _DY_孟川 · age_up feudal |
| 8:53 | _DY_孟川 · wall_segment Palisade Wall x1 |
| 8:57 | _DY_孟川 · first_building Archery Range |
| 8:58 | _DY_孟川 · wall_segment Palisade Wall x1 |
| 9:33 | _DY_孟川 · wall_segment Palisade Wall x1 |
| 12:44 | _DY_孟川 · wall_segment Palisade Wall x9 |
| 13:36 | Mawashigeri · age_up feudal |
| 13:38 | Mawashigeri · first_building Archery Range |
| 13:39 | _DY_孟川 · wall_segment Palisade Wall x1 |
| 13:51 | _DY_孟川 · wall_segment Palisade Wall x7 |
| 13:52 | _DY_孟川 · wall_segment Palisade Wall x11 |
| 14:48 | _DY_孟川 · wall_segment Palisade Wall x4 |
| 16:03 | Mawashigeri · first_building Stable |
| 17:15 | Mawashigeri · age_up castle |
| 17:33 | _DY_孟川 · first_building Stable |
| 19:56 | _DY_孟川 · age_up castle |
| 20:02 | Mawashigeri · first_building Siege Workshop |
| 20:05 | _DY_孟川 · first_building Monastery |
| 21:57 | Mawashigeri · first_building Monastery |
| 22:57 | _DY_孟川 · first_building Siege Workshop |
| 23:17 | _DY_孟川 · wall_segment Palisade Wall x1 |
| 23:18 | _DY_孟川 · wall_segment Palisade Wall x1 |
| 23:20 | _DY_孟川 · wall_segment Palisade Wall x1 |
| 24:06 | Mawashigeri · first_market_sell 100 wood |
| 24:43 | Mawashigeri · first_market_buy 100 stone |
| 24:47 | Mawashigeri · first_building Castle |
| 27:38 | _DY_孟川 · wall_segment Stone Wall x1 |
| 27:39 | _DY_孟川 · wall_segment Stone Wall x1 |
| 27:40 | _DY_孟川 · wall_segment Stone Wall x1 |
| 27:42 | _DY_孟川 · wall_segment Stone Wall x1 |
| 27:43 | _DY_孟川 · wall_segment Stone Wall x1 |
| 27:43 | _DY_孟川 · wall_segment Stone Wall x1 |
| 29:38 | Mawashigeri · resign |
[ ANÁLISIS IA · 1 CRÉDITO ]
¿Qué pasó realmente en esta partida?
Wolo.gg analiza cada decisión: build order, eco, micro, errores típicos por bracket. Análisis personalizado por WhatsApp o Discord en 30 segundos.
Guía civ
Francos
Perfil
Jugador #1821855